 Dungeon Crawl Stone Soup version 0.31-a0-1576-ga3383bade6 (webtiles) character file.

Game seed: 17314946223968762340

4 tsouns the Caller (level 1, 0/10 HPs)
             Began as a Gargoyle Summoner on Jan 5, 2024.
             Slain by a jackal (3 damage)
             ... on level 1 of the Dungeon.
             The game lasted 00:00:40 (126 turns).

tsouns the Caller (Gargoyle Summoner)                Turns: 126, Time: 00:00:41

Health: 0/10       AC:  4    Str: 11    XL:     1   Next: 60%
Magic:  0/3        EV: 11    Int: 15    God:
Gold:   0          SH:  0    Dex: 10    Spells: 3/4 levels left

rFire   . . .        (no weapon)
rCold   . . .        (no shield)
rNeg    + . .        a - +0 robe
rPois   ∞            (no helmet)
rElec   +            (no cloak)
rCorr   .            (no gloves)
SInv    .            (no boots)
Will    .....        (no amulet)
Stlth   ++           (no ring)
HPRegen 0.21/turn    (no ring)
MPRegen 0.08/turn

%: no passive effects
@: no status effects
A: sickness immunity, AC +2, negative energy resistance 1, electricity
resistance, torment resistance 1, petrification resistance
a: no special abilities


You were on level 1 of the Dungeon.
You visited 1 branch of the dungeon, and saw 1 of its levels.

Inventory:

Armour
 a - a +0 robe (worn)
Potions
 b - a potion of magic
 c - a potion of curing {unknown}


   Skills:
 - Level 1.5 Dodging
 + Level 2.3 Stealth
 + Level 2.1 Spellcasting
 + Level 3.7 Summonings


You had 3 spell levels left.
You knew the following spells:

 Your Spells              Type           Power      Damage    Failure   Level
a - Summon Small Mammal   Summ           48%        N/A       4%          1

Your spell library contained the following spells:

 Spells                   Type           Power      Damage    Failure   Level
 Call Imp                 Summ           24%        N/A       8%          2
 Call Canine Familiar     Summ           12%        N/A       14%         3
 Summon Blazeheart Golem  Fire/Summ      7%         N/A       71%         4
 Summon Lightning Spire   Summ/Air       7%         N/A       71%         4


Dungeon Overview and Level Annotations

Branches:
Dungeon (1/15)

Altars:


Innate Abilities, Weirdness & Mutations

You are immune to sickness and miasma.
Your stone body is resilient. (AC +2)
You are immune to poison.
You resist negative energy. (rN+)
You are resistant to electric shocks. (rElec)
You are resistant to unholy torment.
You are immune to petrification.


Message History

The jackal bites you but does no damage.
Your rat bites the jackal but does no damage.
Casting: Summon Small Mammal (safe; 4% risk of failure)
Confirm with . or Enter, or press ? or * to list all spells.
The jackal barely misses you.
Your rat closely misses the jackal.
Unknown command.
You closely miss the jackal. The jackal bites you.
Your rat barely misses the jackal.
You barely miss the jackal. The jackal barely misses you. x2
Your rat closely misses the jackal.
You hit the jackal but do no damage. The jackal closely misses your rat.
Your rat bites the jackal but does no damage.
Your rat barely misses the jackal.
You completely miss the jackal. The jackal closely misses you.
The jackal barely misses you.
Your rat closely misses the jackal.
Your rat completely misses the jackal.
You hit the jackal but do no damage. The jackal bites you.
Your rat closely misses the jackal.
Your rat barely misses the jackal.
You hit the jackal.
The jackal is lightly wounded.
The jackal bites your rat.
Your rat dies!
Your rat's corpse disappears in a puff of smoke!
A goblin comes into view. It is wielding a +0 club.
Your rat bites the jackal but does no damage.
Casting: Summon Small Mammal (safe; 4% risk of failure)
Confirm with . or Enter, or press ? or * to list all spells.
The jackal bites you.
* * * LOW HITPOINT WARNING * * *
The jackal barely misses you.
Your rat barely misses the jackal.
Unknown command.
You hit the jackal.
The jackal is heavily wounded.
The jackal closely misses your bat.
Your rat barely misses the jackal.
Your bat hits the jackal but does no damage.
Casting: Summon Small Mammal (safe; 4% risk of failure)
Confirm with . or Enter, or press ? or * to list all spells.
Your rat disappears in a puff of smoke!
Your bat hits the jackal. The jackal bites you.
You die...

...# #.### # ..# ###...#
# ..# #.....### #.#
#.#...... #.# ##.##.####
#.#######...).#
##########§........#####
.....g..hhb.r>...###
##########@......#
#..>....# #.......#
####.#### .... #.....
#...... #...... #.....


You could see 2 jackals, a goblin, a friendly bat (summoned) and a friendly rat
(summoned).

Vanquished Creatures
  A kobold (D:1)
  A ball python (D:1)
  A frilled lizard (D:1)
3 creatures vanquished.

Vanquished Creatures (collateral kills)
  A goblin (D:1)
1 creature vanquished.

Grand Total: 4 creatures vanquished

Notes
Turn   | Place    | Note
-------+----------+-------------------------------------------
     0 | D:1      | tsouns the Gargoyle Summoner began the quest for the Orb.
     0 | D:1      | Reached XP level 1. HP: 10/10 MP: 3/3
   126 | D:1      | Slain by a jackal

Illustrated notes

Levels and vault maps discovered:
D:1:      psy_arrival_conway, layout_basic

Action                     || total
---------------------------++-------
  Melee: Unarmed           ||    16
   Cast: Summon Small Mamm ||     9
 Armour: Robe              ||     8
  Dodge: Dodged            ||    14

Table legend: (Time is in decaauts)
 A = Elapsed time spent in this place.
 B = Non-inter-level travel time spent in this place.
 C = Inter-level travel time spent in this place.
 D = Time resting spent in this place.
 E = Time spent auto-exploring this place.
 F = Levels seen in this place.
 G = Mean time per level.
                   A        B        C        D        E       F      G
               +--------+--------+--------+--------+--------+-----+--------+
         Total |    127 |    127 |      0 |      0 |     75 |   1 |  127.0 |
       Dungeon |    127 |    127 |      0 |      0 |     75 |   1 |  127.0 |
               +--------+--------+--------+--------+--------+-----+--------+

Top non-repeatable levels by time:
     D:1: 127 daAuts
